Map: Lerilak Crest

Players

GLaDOS - Winner!

  • Race: Zerg Zerg
  • League: Platinum

Tupanici

  • Race: Protoss Protoss
  • League: Platinum

VOD

Have the link to the VOD?

Description

Time

  • Played on: Sept. 5, 2015, 12:07 p.m.
  • Length: 9:52
Show
View Real Time Build Order
Export as new Build Order

GLaDOS Zerg - Winner!

Build Orders: Hatch First 

Get SALT Encoding   

  12  0:01  Drone  
  13  0:10  Drone  
  14  0:17  Overlord  
  14  0:23  Drone, Extractor  
  15  0:36  Drone x2  
  17  0:45  Drone  
  18  0:57  Hatchery  
  17  1:05  Drone  
  18  1:12  Extractor  
  18  1:13  Spawning Pool  
  18  1:15  Drone  
  17  1:21  Drone  
  18  1:28  Drone  
  19  1:41  Drone  
  20  1:49  Overlord  
  20  2:00  Queen  
  22  2:10  Queen  
  22  2:11  Zergling x4  
  22  2:12  Zergling x2  
  27  2:17  Metabolic Boost  
  27  2:20  Drone  
  28  2:26  Drone  
  29  2:31  Drone  
  30  2:41  Queen  
  30  2:43  Drone x3  
  35  2:54  Extractor, Queen  
  35  2:56  Overlord x2  
  37  3:15  Drone x5  
  41  3:37  Hatchery  
  39  3:42  Drone x5  
  39  3:43  Drone  
  45  3:51  Drone  
  45  3:52  Drone x3  
  48  4:05  Extractor  
  48  4:07  Roach Warren  
  48  4:09  Evolution Chamber, Extractor  
  44  4:10  Extractor  
  44  4:11  Evolution Chamber  
  42  4:32  Drone x9  
  51  4:51  Queen  
  53  4:55  Spore Crawler  
  52  5:00  Zergling x2  
  52  5:01  Zergling x10  
  52  5:04  Zerg Missile Weapons Level 1, Zerg Ground Armor Level 1  
  52  5:06  Spore Crawler  
  57  5:08  Spore Crawler  
  56  5:21  Spore Crawler  
  56  5:25  Overlord x2  
  56  5:27  Lair  
  55  5:49  Drone x11  
  66  6:10  Zergling x2  
  66  6:17  Zergling x2  
  66  6:18  Zergling x4  
  65  6:26  Overlord x2  
  65  6:27  Overlord  
  65  6:29  Zergling x2  
  65  6:31  Glial Reconstitution  
  65  6:32  Hydralisk Den  
  64  6:42  Overlord x3  
  64  6:47  Zergling x28  
  65  6:48  Zergling x4  
  80  7:01  Drone x4  
  81  7:02  Drone x3  
  83  7:13  Hatchery  
  82  7:19  Drone x7  
  88  7:25  Drone x2  
  88  7:26  Zerg Ground Armor Level 2, Zerg Missile Weapons Level 2  
  84  7:45  Zergling x22  
  84  7:50  Muscular Augments  
  90  7:52  Overlord x2  
  90  7:57  Extractor x2  
  81  8:20  Hydralisk x4  
  81  8:21  Hydralisk x6  
  89  8:35  Spire  
  89  8:39  Drone x7, Spore Crawler  
  89  8:40  Spore Crawler  
  92  8:41  Spine Crawler  
  91  8:50  Spore Crawler, Spine Crawler, Hydralisk x2  
  91  8:51  Hydralisk x4  
  91  8:53  Spore Crawler  
  100  9:04  Hydralisk x2  
  100  9:05  Hydralisk x7  
  118  9:17  Hydralisk x4  
  118  9:21  Spore Crawler  
  122  9:24  Spore Crawler  
Show
View Real Time Build Order
Export as new Build Order

Tupanici Protoss 

Build Orders:  

Get SALT Encoding   

  12  0:02  Probe (Chrono Boost)  
  13  0:12  Probe (Chrono Boost)  
  14  0:17  Pylon  
  14  0:22  Probe (Chrono Boost)  
  15  0:35  Probe (Chrono Boost)  
  15  0:41  Gateway  
  16  0:45  Probe (Chrono Boost)  
  17  0:51  Assimilator  
  17  0:55  Probe (Chrono Boost)  
  18  1:05  Probe (Chrono Boost)  
  19  1:16  Probe (Chrono Boost)  
  19  1:17  Pylon  
  20  1:26  Probe (Chrono Boost)  
  20  1:29  Cybernetics Core  
  20  1:30  Pylon  
  21  1:36  Probe (Chrono Boost)  
  22  1:41  Assimilator  
  22  1:46  Probe (Chrono Boost)  
  23  1:56  Probe (Chrono Boost)  
  24  2:03  Nexus  
  24  2:08  Mothership Core (Chrono Boost)  
  26  2:19  Warp Gate (Chrono Boost)  
  26  2:34  Probe  
  27  2:46  Probe  
  27  2:47  Pylon  
  28  2:54  Adept (Chrono Boost)  
  28  2:56  Assimilator  
  30  2:58  Probe  
  30  3:00  Assimilator  
  31  3:08  Stargate  
  31  3:11  Probe  
  32  3:13  Probe  
  32  3:15  Pylon  
  32  3:23  Probe  
  32  3:24  Probe  
  34  3:34  Probe  
  34  3:35  Probe  
  34  3:44  Probe  
  34  3:47  Probe  
  36  3:54  Probe  
  35  3:59  Probe  
  35  4:04  Probe  
  36  4:10  Phoenix  
  36  4:11  Probe  
  36  4:14  Probe  
  36  4:15  Stargate  
  40  4:20  Adept (Chrono Boost)  
  40  4:23  Probe  
  43  4:24  Probe  
  44  4:34  Probe, Phoenix (Chrono Boost)  
  44  4:35  Probe  
  48  4:41  Fleet Beacon  
  48  4:46  Pylon  
  48  4:58  Phoenix (Chrono Boost)  
  52  5:02  Phoenix (Chrono Boost)  
  52  5:19  Phoenix (Chrono Boost)  
  54  5:27  Phoenix (Chrono Boost)  
  56  5:29  Probe  
  56  5:31  Probe  
  58  5:39  Probe  
  59  5:43  Adept  
  59  5:44  Nexus  
  61  5:50  Carrier (Chrono Boost)  
  61  5:55  Carrier (Chrono Boost)  
  69  6:30  Pylon  
  69  6:31  Pylon  
  69  6:33  Probe  
  69  6:34  Pylon  
  69  6:36  Pylon  
  70  6:46  Probe  
  70  6:48  Probe  
  72  6:54  Carrier (Chrono Boost)  
  72  6:55  Carrier (Chrono Boost)  
  72  6:56  Probe  
  72  7:00  Probe  
  70  7:21  Probe x2  
  82  7:23  Probe  
  82  7:26  Assimilator  
  82  7:28  Assimilator  
  85  7:32  Probe (Chrono Boost)  
  85  7:33  Probe (Chrono Boost)  
  85  7:35  Probe (Chrono Boost)  
  89  7:45  Probe (Chrono Boost)  
  89  7:46  Probe x2 (Chrono Boost)  
  91  7:58  Probe (Chrono Boost)  
  92  8:19  Carrier  
  91  8:32  Pylon  
  89  8:34  Pylon  
  89  8:36  Pylon  
  89  8:37  Nexus  
Tags
 
Add a new tag
Caveats
  • Supply blocks, unpowered buildings, or Contaminate may cause inaccurate times.
  • Supply counts are checked every 10 seconds.